 Dungeon Crawl Stone Soup version 0.26.1-11-gd32895ea62 (webtiles) character file.

Game seed: 11694939807568732892

363 Elleran the Chiller (level 6, -8/41 HPs)
             Began as an Octopode Ice Elementalist on May 3, 2021.
             Was a High Priest of Jiyva.
             Blown up by a centaur (21 damage)
             ... with a disintegration bolt
             ... on level 5 of the Dungeon.
             The game lasted 00:26:38 (5266 turns).

Elleran the Chiller (Octopode Ice Elementalist)     Turns: 5266, Time: 00:26:39

Health: -8/41      AC:  2    Str:  8    XL:     6   Next: 67%
Magic:  5/10       EV: 13    Int: 17    God:    Jiyva [*****.]
Gold:   34         SH:  0    Dex: 14    Spells: 3/11 levels left

rFire    . . .     SeeInvis .   a - +0 dagger
rCold    . . .     Faith    .   (no shield)
rNeg     . . .     Spirit   .   (helmet restricted)
rPois    .         Reflect  .   (no amulet)
rElec    .         Harm     .   (no ring)
rCorr    +         Rampage  .   (no ring)
Will     .....                  (no ring)
Stlth    ++++......             (no ring)
HPRegen  0.13/turn              (no ring)
MPRegen  0.12/turn              (no ring)
                                (no ring)
                                (no ring)

@: no status effects
A: almost no armour, stealthy swim, amphibious, 8 rings, constrict 8, rugged
brown scales 1, camouflage 1, gelatinous body 1
a: Renounce Religion, Request Jelly, Slimify, Cure Bad Mutation


You were on level 5 of the Dungeon.
You worshipped Jiyva.
Jiyva was extremely pleased with you.
You visited 1 branch of the dungeon, and saw 5 of its levels.

You collected 190 gold pieces.
You spent 156 gold pieces at shops.

Inventory:

Hand Weapons
 a - a +0 dagger (weapon)
 b - a +0 spear
 k - a +2 mace of draining
 p - a +0 short sword
 q - a +0 trident
 w - a +0 rapier
Missiles
 g - 42 stones (quivered)
 r - 2 throwing nets
Scrolls
 e - 2 scrolls of remove curse {unknown}
 i - a scroll of amnesia {unknown}
 n - a scroll of fear {unknown}
 o - a scroll of enchant armour {unknown}
Potions
 c - a potion of experience {unknown}
 f - 2 potions of mutation
 h - a potion of lignification {unknown}
 j - a potion of flight {unknown}
 l - a potion of haste
 s - a potion of degeneration
 t - a potion of might
 u - a potion of brilliance
 v - a potion of curing


   Skills:
 + Level 2.3 Fighting
 - Level 2.0 Dodging
 + Level 4.9 Stealth
 + Level 3.3 Spellcasting
 * Level 1.7 Summonings
 + Level 5.5 Ice Magic


You had 3 spell levels left.
You knew the following spells:

 Your Spells              Type           Power        Failure   Level
t - Frozen Ramparts       Ice            42%          5%          3
u - Summon Ice Beast      Ice/Summ       15%          36%         4
z - Freeze                Ice            84%          1%          1

Your spell library contained the following spells:

 Spells                   Type           Power        Failure   Level
 Ozocubu's Armour         Ice            21%          5%          3
 Hailstorm                Conj/Ice       12%          47%         4


Dungeon Overview and Level Annotations

Branches:
Dungeon (5/15)
 Temple: D:4-7

Altars:
Hepliaklqana
Makhleb
Okawaru
Qazlal
Uskayaw
Jiyva

Shops:
D:4 !


Innate Abilities, Weirdness & Mutations

You cannot wear most types of armour.
You are very stealthy in the water. (Stealth+)
You are amphibious.
You can wear up to eight rings at the same time.
You can use your tentacles to constrict eight enemies at once.
Your skin changes colour to match your surroundings (Stealth+).
Your rubbery body absorbs attacks. (AC +1, EV +1)
You are partially covered in rugged brown scales. (AC +1, +3% HP)


Message History

The centaur is heavily wounded.
The wall freezes the centaur.
The centaur misses you.
Casting: Frozen Ramparts (dangerous; 5% risk of failure)
Confirm with . or Enter, or press ? or * to list all spells.
Aiming: Freeze (safe; 1% risk of failure)
Press: ? - help, Shift-Dir - straight line, f - centaur
Aim: a centaur, wielding a -3 shortbow, quivering 3 arrows and carrying a wand of disintegration (17) (severely wounded)
You freeze the centaur.
The centaur is severely wounded.
The frozen ramparts melt away.
The centaur closely misses you. x2
Casting: Freeze (safe; 1% risk of failure)
Confirm with . or Enter, or press ? or * to list all spells.
Aiming: Freeze (safe; 1% risk of failure)
Press: ? - help, Shift-Dir - straight line, f/p - centaur
Aim: a centaur, wielding a -3 shortbow, quivering 3 arrows and carrying a wand of disintegration (17) (severely wounded)
You freeze the centaur.
The centaur is severely wounded.
The centaur zaps a wand.
You are blasted!
Ouch! That really hurt!
You die...

#....#######
##.........#
#..######.# #..#
#.# #..# #.####
#..# #....# #..#
####.# #..# #.#
#..# #@#
#..#########c#
#####.......(§...#
.......c##########
#####.....#
#...#.# #...#†#
#...#.. #...####


You could see a centaur.

Vanquished Creatures
  A scorpion (D:3)
  2 orc priests (D:4)
  A gnoll shaman (D:4)
  A hound (D:5)
  Jessica (D:3)
  A hound skeleton (D:5)
  2 gnolls (D:4)
  9 adders
  An adder zombie (D:4)
  3 worms
  2 dart slugs
  A leopard gecko (D:1)
  4 orcs (D:4)
  A giant cockroach (D:1)
  4 goblins
  4 hobgoblins
  2 jackals (D:1)
  3 quokkas
  2 ball pythons
  6 bats
  6 frilled lizards
  2 kobolds
  6 rats
65 creatures vanquished.

Vanquished Creatures (others)
  2 water moccasin zombies (D:4)
  4 jellies
  2 howler monkeys
  A centaur zombie (D:4)
  2 orc wizards
  An orc priest (D:4)
  2 iguanas (D:4)
  A hound skeleton (D:4)
  2 hound zombies (D:4)
  A worker ant zombie (D:4)
  A gnoll (D:4)
  2 adders
  A shadow imp (D:5)
  An adder zombie (D:4)
  An adder skeleton (D:4)
  A dart slug (D:2)
  4 orcs
  A giant cockroach (D:4)
  3 goblins (D:2)
  2 jackals (D:2)
  2 quokkas
  A ball python (D:2)
  2 bats (D:2)
  2 frilled lizards
  A giant cockroach zombie (D:4)
  A jackal skeleton (D:4)
  3 kobolds (D:2)
  A quokka skeleton (D:4)
  2 rats (D:2)
  5 plants (D:2)
  3 withered plants (D:4)
58 creatures vanquished.

Grand Total: 123 creatures vanquished

Notes
Turn   | Place    | Note
-------+----------+-------------------------------------------
     0 | D:1      | Elleran the Octopode Ice Elementalist began the quest for
                  | the Orb.
     0 | D:1      | Reached XP level 1. HP: 11/11 MP: 3/3
   461 | D:2      | Reached XP level 2. HP: 17/17 MP: 5/5
  1350 | D:2      | Found a faded altar of an unknown god.
  1355 | D:2      | Became a worshipper of Jiyva Juesey the Shapeless
  1355 | D:2      | Reached * piety under Jiyva
  1601 | D:2      | Reached XP level 3. HP: 21/21 MP: 6/6
  1724 | D:1      | Learned a level 3 spell: Frozen Ramparts
  2456 | D:2      | Reached ** piety under Jiyva
  3333 | D:3      | Reached skill level 1 in Fighting
  3333 | D:3      | Reached XP level 4. HP: 26/28 MP: 4/7
  3554 | D:3      | Reached skill level 5 in Ice Magic
  3554 | D:3      | Reached XP level 5. HP: 32/33 MP: 2/9
  3564 | D:3      | Learned a level 4 spell: Summon Ice Beast
  3862 | D:3      | Noticed Jessica
  3875 | D:3      | Killed Jessica
  4074 | D:3      | Reached *** piety under Jiyva
  4123 | D:4      | Found an iron altar of Okawaru.
  4303 | D:4      | Found Jetug's Distillery.
  4319 | D:4      | Reached skill level 1 in Summonings
  4319 | D:4      | Reached XP level 6. HP: 39/39 MP: 4/10
  4338 | D:4      | Found a hide-covered altar of Uskayaw.
  4349 | D:4      | Bought a potion of degeneration for 13 gold pieces
  4349 | D:4      | Bought a potion of might for 52 gold pieces
  4349 | D:4      | Bought a potion of brilliance for 52 gold pieces
  4349 | D:4      | Bought a potion of curing for 39 gold pieces
  4674 | D:4      | Gained mutation: You are partially covered in rugged brown
                  | scales. (AC +1, +3% HP) [Jiyva's grace]
  4688 | D:4      | Reached **** piety under Jiyva
  4738 | D:4      | Gained mutation: You are strong-willed. (Will+) [Jiyva's
                  | grace]
  4748 | D:4      | Found a hazy altar of Hepliaklqana.
  4748 | D:4      | Found a burning altar of Makhleb.
  4804 | D:4      | Reached ***** piety under Jiyva
  4920 | D:4      | Found a stormy altar of Qazlal.
  5115 | D:5      | Entered Level 5 of the Dungeon
  5228 | D:5      | Lost mutation: You are strong-willed. (Will+) [Jiyva's
                  | grace]
  5266 | D:5      | Blown up by a centaur

Illustrated notes

Levels and vault maps discovered:
D:1:      ebering_trefoil_3fold, layout_basic
D:2:      layout_basic, chequers_ecumenical_altar_lobes,
          minmay_misc_feat_secret_circle
D:3:      layout_rooms, uniq_jessica
D:4:      layout_rooms, grunt_temple_overflow_open, serial_undead,
          serial_undead_c, serial_undead_a, serial_undead_f, serial_undead_b,
          serial_shops, shop, minmay_misc_feat_hallway,
          chequers_decorated_corner, nicolae_qazlal_general_emergency
D:5:      wander_river, layout_loops_ring

Skill      XL: |  1  2  3  4  5 |
---------------+----------------+-----
Stealth        | 3 4 |  4.9
Fighting       | 1 2 |  2.3
Ice Magic      | 5 |  5.5
Spellcasting   | 3 |  3.3
Summonings     | 1 |  1.7
Dodging        | |  2.0

Action                   |  1- 3 |  4- 6 || total
-------------------------+-------+-------++-------
Melee: Dagger            |    19 |    36 ||    55
       Constrict         |     5 |    10 ||    15
       Tentacles         |     1 |     7 ||     8
       Spear             |     1 |       ||     1
       Mace              |       |     3 ||     3
Throw: Stone             |    22 |    29 ||    51
 Cast: Freeze            |    37 |    24 ||    61
       Frozen Ramparts   |     3 |    10 ||    13
  Use: Scroll            |     2 |     1 ||     3
       Potion            |       |     4 ||     4
 Stab: Sleeping          |    12 |     5 ||    17
       Distracted        |       |     1 ||     1
Armor: Skin              |     1 |     4 ||     5
Dodge: Dodged            |    22 |    44 ||    66
